Map: Bel'Shir Vestige LE (Void)

Players

PiG

  • Race: Protoss Protoss
  • League: Grandmaster
  • Spawn Location: 5:00

A.I. 1 (Very Easy) - Winner!

  • Race: Zerg Zerg
  • Spawn Location: 11:00

VOD

https://www.youtube.com/watch?v=oxxohcq5GJE

Description

Just showing how to change your opening when you scout a 12 pool coming. Watch video for full info

Time

  • Played on: Feb. 9, 2017, 11:37 p.m.
  • Length: 2:53
Show
View Real Time Build Order
Export as new Build Order

PiG Protoss 

Build Orders:  

Get SALT Encoding   

  12  0:01  Probe (Chrono Boost)  
  13  0:11  Probe (Chrono Boost)  
  14  0:20  Pylon  
  14  0:22  Probe (Chrono Boost)  
  15  0:39  Probe (Chrono Boost)  
  15  0:40  Gateway  
  16  0:43  Assimilator  
  16  0:49  Probe (Chrono Boost)  
  17  1:00  Probe (Chrono Boost)  
  18  1:10  Probe (Chrono Boost)  
  19  1:22  Pylon  
  19  1:24  Zealot  
  19  1:27  Cybernetics Core  
  19  1:32  Probe (Chrono Boost)  
  22  1:36  Pylon  
  22  1:44  Probe (Chrono Boost)  
  23  1:48  Zealot  
  25  2:03  Probe (Chrono Boost)  
  26  2:15  Probe (Chrono Boost), Nexus  
  27  2:20  Adept  
  27  2:28  Probe (Chrono Boost)  
  30  2:41  Probe (Chrono Boost)  
  31  2:44  Assimilator  
Show
View Real Time Build Order
Export as new Build Order

A.I. 1 (Very Easy) Zerg - Winner!

Build Orders: Hatch First 

Get SALT Encoding   

  12  0:00  Drone  
  13  0:12  Overlord  
  13  0:17  Drone  
  14  0:44  Hatchery  
  14  0:45  Drone  
  14  1:04  Spawning Pool  
  14  1:05  Extractor  
  14  1:07  Drone  
  13  1:14  Drone  
  14  1:20  Overlord  
  14  1:50  Queen  
  14  1:51  Zergling x2  
  14  1:53  Zergling x2  
  18  1:57  Roach Warren  
  17  2:02  Drone  
  17  2:07  Extractor  
  17  2:10  Drone  
  17  2:15  Zergling x2  
  19  2:20  Drone  
  20  2:28  Drone  
  21  2:35  Drone  
Tags
 
Add a new tag
Caveats
  • Supply blocks, unpowered buildings, or Contaminate may cause inaccurate times.
  • Supply counts are checked every 10 seconds.